 Dungeon Crawl Stone Soup version 0.21.1-1-g345015fe64 (webtiles) character file.

10027 Ivernyr the Transmogrifier (level 11, -3/63 HPs)
             Began as an Octopode Transmuter on May 10, 2018.
             Was a Priest of Cheibriados.
             Slain by a six-headed hydra (13 damage)
             ... on level 11 of the Dungeon.
             The game lasted 00:49:54 (16146 turns).

Ivernyr the Transmogrifier (Octopode Transmuter)   Turns: 16146, Time: 00:49:55

Health: -3/63      AC:  3    Str: 16    XL:     11   Next: 55%
Magic:  21/21      EV: 22    Int: 30    God:    Cheibriados [***...]
Gold:   517        SH:  0    Dex: 26    Spells: 13/24 levels left

rFire    . . .     SeeInvis .     - Unarmed
rCold    . . .     Gourm    .   (no shield)
rNeg     . . .     Faith    .   (helmet restricted)
rPois    .         Spirit   .   (no amulet)
rElec    .         Reflect  .   C - +4 ring of dexterity
rCorr    .         Harm     .   D - +5 ring of intelligence
MR       .....     Clarity  +   E - +3 ring of dexterity
Stlth    ++++......             (no ring)
HPRegen  0.20/turn              (no ring)
MPRegen  0.17/turn              (no ring)
                                (no ring)
                                (no ring)

@: very slow
A: almost no armour, stealthy swim, amphibious, 8 rings, constrict 8, thin
metallic scales 1, camouflage 1, clarity, dopey 1, gelatinous body 1
a: Bend Time, Temporal Distortion, Renounce Religion


You were on level 11 of the Dungeon.
You worshipped Cheibriados.
Cheibriados was most pleased with you.
You were not hungry.

You visited 2 branches of the dungeon, and saw 12 of its levels.

You collected 517 gold pieces.

Inventory:

Hand Weapons
 q - a +0 blowgun
Missiles
 a - 50 arrows
 r - 51 poisoned needles
Jewellery
 C - a +4 ring of dexterity (left tentacle)
 D - a +5 ring of intelligence (right tentacle)
 E - a +3 ring of dexterity (on tentacle)
Wands
 k - a wand of enslavement (28)
 l - a wand of iceblast (17)
 z - a wand of polymorph (42)
 A - a wand of flame (35)
 G - a wand of acid (7)
Scrolls
 d - 3 scrolls of amnesia {unknown}
 e - 3 scrolls of fog {unknown}
 f - 4 scrolls of magic mapping {unknown}
 g - 3 scrolls of remove curse {unknown}
 h - 5 scrolls of teleportation {unknown}
 j - 2 scrolls of enchant weapon {unknown}
 m - 13 scrolls of identify {unknown}
 p - a scroll of blinking {unknown}
 u - a scroll of fear {unknown}
 v - a scroll of immolation {unknown}
 y - a scroll of noise {unknown}
Potions
 i - 2 potions of brilliance
 n - a potion of flight
 o - a potion of ambrosia {unknown}
 s - a potion of heal wounds {unknown}
 t - a potion of cancellation {unknown}
 w - a potion of magic {unknown}
 x - 2 potions of agility {unknown}
 B - a potion of resistance {unknown}
Books
 b - a book of Changes

   Spells                             Type                      Level
   a - Beastly Appendage              Transmutation                1
   b - Sticks to Snakes               Transmutation                2
   c - Spider Form                    Transmutation/Poison         3
   d - Ice Form                       Ice/Transmutation            4
   e - Blade Hands                    Transmutation                5
 F - a book of Conjurations

   Spells                             Type                      Level
   a - Magic Dart                     Conjuration                  1
   b - Searing Ray                    Conjuration                  2
   c - Dazzling Spray                 Conjuration/Hexes            3
   d - Fulminant Prism                Conjuration/Hexes            4
   e - Force Lance                    Conjuration/Translocation    4
   f - Iskenderun's Mystic Blast      Conjuration                  4
 I - a book of Party Tricks

   Spells                             Type                      Level
   a - Summon Butterflies             Summoning                    1
   b - Apportation                    Translocation                1
   c - Lesser Beckoning               Translocation                3
   d - Tukima's Dance                 Hexes                        3
   e - Alistair's Intoxication        Transmutation/Poison         5
   f - Invisibility                   Hexes                        6
Miscellaneous
 H - a lamp of fire
Comestibles
 c - 16 rations


   Skills:
 - Level 1.0 Fighting
 + Level 9.0 Dodging
 + Level 9.3 Unarmed Combat
 * Level 7.0 Spellcasting
 - Level 10.2 Transmutations
 + Level 4.2 Invocations


You had 13 spell levels left.
You knew the following spells:

 Your Spells              Type           Power        Failure   Level  Hunger
a - Beastly Appendage     Tmut           ######       1%          1    None
b - Sticks to Snakes      Tmut           ######..     1%          2    None
c - Spider Form           Tmut/Pois      #####.....   1%          3    None
d - Blade Hands           Tmut           ######....   1%          5    ####...


Dungeon Overview and Level Annotations

Branches:
Dungeon (11/15)            Temple (1/1) D:7            Lair (0/6) D:11
    Orc (0/2) D:10

Altars:
Ashenzari
Cheibriados
Dithmenos
Elyvilon
Fedhas
Gozag
Hepliaklqana
Kikubaaqudgha
Makhleb
Nemelex Xobeh
Okawaru
Qazlal
Ru
Sif Muna
Trog
Uskayaw
Vehumet
Wu Jian
Xom
Yredelemnul
Zin
The Shining One

Shops:
D:7 (

Annotations:
D:4 Kuruc's ghost, amateur MiFi
D:8 Dwachs's ghost, novice DsFi
D:9 exclusion: obsidian statue


Innate Abilities, Weirdness & Mutations

You cannot wear most types of armour.
You are very stealthy in the water. (Stealth+)
You are amphibious.
You can wear up to eight rings at the same time.
You can use your tentacles to constrict eight enemies at once.
Your skin changes colour to match your surroundings (Stealth+).
Your rubbery body absorbs attacks. (AC +1, EV +1)
You are partially covered in thin metallic scales. (AC +2)
You possess an exceptional clarity of mind.
You are dopey. (Int -2)


Message History

You see here a hound corpse.
You butcher the hound corpse.
H - 2 chunks of flesh You see here a hound skeleton.
Eat one of 2 chunks of flesh? (ye/n/q)
You eat one of the 2 chunks of flesh.
This raw flesh tastes terrible.
Found a lamp of fire.
All of the chunks of flesh in your inventory have rotted away.
You see here a lamp of fire.
H - a lamp of fire The six-headed hydra roars!
The six-headed hydra barely misses you. The six-headed hydra bites you.
The six-headed hydra bites you! The six-headed hydra misses you.
The six-headed hydra bites you. The six-headed hydra barely misses you.
You fail to use your ability.
The six-headed hydra barely misses you. The six-headed hydra bites you! x2
* * * LOW HITPOINT WARNING * * *
The six-headed hydra closely misses you.
The six-headed hydra barely misses you. The six-headed hydra bites you!
You die...

# #..≈≈≈...≈.≈≈≈≈.#
#..≈≈≈.≈..≈≈≈≈≈≈#
#..≈≈≈....≈≈≈≈≈≈#
#.≈≈≈.≈.>..≈≈≈≈≈#
#..≈≈≈....≈≈≈≈≈≈# #
##.≈≈≈≈.≈.≈.≈≈≈≈≈# #
#....≈≈≈≈≈≈≈≈≈≈≈≈# #
#....≈≈≈≈≈≈≈≈≈≈..# #
#..≈≈≈≈≈.≈≈@D≈.≈.# #
#..≈....≈≈.≈≈≈≈..# #
####..≈....≈...≈.≈..#
#
#..........≈.≈......#
#
#.##................#
#
#†##...........######
###)##############
....# #####


You could see a six-headed hydra.

Vanquished Creatures
  2 two-headed ogres (D:11)
  The ghost of Mrkan the Grappler, a novice TrMo of Ru (D:6)
  2 unseen horrors
  An ugly thing (D:11)
  A manticore (D:11)
  Maurice (D:11)
  2 trolls (D:11)
  A merfolk (D:9)
  2 hippogriffs (D:9)
  Sigmund (D:6)
  A hungry ghost (D:10)
  Edmund (D:6)
  An acid dragon (D:11)
  A water moccasin (D:7)
  2 ice beasts
  An orc warrior (D:6)
  3 sky beasts
  2 phantoms
  A necrophage (D:6)
  9 ogres
  4 centaurs
  A wolf (D:11)
  A big kobold (D:10)
  8 bullfrogs
  A scorpion (D:4)
  2 troll zombies (D:10)
  5 howler monkeys
  3 electric eels (D:11)
  A centaur zombie (D:8)
  4 crimson imps
  A bullfrog zombie (D:5)
  A quasit (D:9)
  8 orc priests
  6 hounds
  2 centaur skeletons
  2 jellies
  6 orc wizards
  2 bullfrog skeletons (D:9)
  Ijyb (D:5)
  2 iguanas
  12 worker ants
  3 ogre zombies (D:10)
  A hound zombie (D:5)
  2 hound skeletons
  A worker ant zombie (D:5)
  3 gnolls (D:10)
  11 adders
  2 shadow imps
  An ooze (D:1)
  An adder skeleton (D:6)
  A worm (D:4)
  A dart slug (D:2)
  7 leopard geckos
  24 orcs
  6 bats
  7 giant cockroaches
  7 goblins
  6 hobgoblins
  9 jackals
  7 kobolds
  5 quokkas
  3 ball pythons
  5 frilled lizards
  A goblin skeleton (D:10)
  A goblin zombie (D:10)
  2 hobgoblin skeletons (D:10)
  2 hobgoblin zombies (D:10)
  An orc skeleton (D:10)
  7 orc zombies (D:10)
  8 rats
244 creatures vanquished.

Vanquished Creatures (collateral kills)
  A two-headed ogre (D:10)
  An ice beast (D:7)
  3 ogre zombies (D:10)
  A kobold (D:10)
  A goblin skeleton (D:10)
  A goblin zombie (D:10)
  A hobgoblin skeleton (D:10)
  2 hobgoblin zombies (D:10)
  2 orc skeletons (D:10)
  4 orc zombies (D:10)
17 creatures vanquished.

Grand Total: 261 creatures vanquished

Notes
Turn   | Place    | Note
-------+----------+-------------------------------------------
     0 | D:1      | Ivernyr the Octopode Transmuter began the quest for the Orb.
     0 | D:1      | Reached XP level 1. HP: 13/13 MP: 3/3
    65 | D:1      | Reached XP level 2. HP: 18/18 MP: 5/5
   172 | D:1      | Learned a level 2 spell: Sticks to Snakes
   755 | D:1      | Reached XP level 3. HP: 23/23 MP: 6/6
   977 | D:2      | Learned a level 3 spell: Spider Form
   990 | D:2      | Found an ornate altar of the Wu Jian Council.
  1007 | D:2      | Found a sacrificial altar of Ru.
  1020 | D:2      | Reached skill level 3 in Transmutations
  1578 | D:2      | Found a blossoming altar of Fedhas.
  1580 | D:2      | Found a stormy altar of Qazlal.
  1716 | D:3      | Reached XP level 4. HP: 24/28 MP: 2/7
  2199 | D:3      | Noticed a dagger
  2200 | D:3      | Found a hide-covered altar of Uskayaw.
  2200 | D:3      | Noticed a dagger
  3144 | D:3      | Found a sparkling altar of Nemelex Xobeh.
  3382 | D:4      | Noticed Kuruc's ghost (amateur MiFi)
  3892 | D:4      | Found a deep blue altar of Sif Muna.
  3954 | D:4      | Noticed an ogre
  3974 | D:4      | Killed an ogre
  3974 | D:4      | Reached skill level 4 in Transmutations
  3974 | D:4      | Reached XP level 5. HP: 33/33 MP: 6/8
  4147 | D:4      | Reached XP level 6. HP: 38/38 MP: 5/9
  4493 | D:3      | Gained mutation: You tend to lose your temper in combat. [potion of mutation]
  4493 | D:3      | Gained mutation: You are resistant to hostile enchantments. (MR+) [potion of mutation]
  4493 | D:3      | Gained mutation: Your muscles are strong. (Str +2) [potion of mutation]
  4663 | D:3      | Lost mutation: You tend to lose your temper in combat. [potion of mutation]
  4663 | D:3      | Lost mutation: Your muscles are strong. (Str +2) [potion of mutation]
  4663 | D:3      | Lost mutation: You are resistant to hostile enchantments. (MR+) [potion of mutation]
  4663 | D:3      | Gained mutation: You are dopey. (Int -2) [potion of mutation]
  4663 | D:3      | Gained mutation: You possess an exceptional clarity of mind. [potion of mutation]
  4663 | D:3      | Gained mutation: You are partially covered in thin metallic scales. (AC +2) [potion of mutation]
  5118 | D:5      | Entered Level 5 of the Dungeon
  5120 | D:5      | Noticed Ijyb
  5133 | D:5      | Killed Ijyb
  5139 | D:5      | Found a bloodstained altar of Trog.
  5158 | D:5      | Found a shimmering altar of Xom.
  5164 | D:5      | Reached skill level 5 in Transmutations
  5275 | D:5      | Reached XP level 7. HP: 35/43 MP: 5/10
  5748 | D:5      | Reached skill level 6 in Transmutations
  5882 | D:5      | Reached skill level 5 in Unarmed Combat
  6275 | D:6      | Reached XP level 8. HP: 33/48 MP: 8/11
  6277 | D:6      | Noticed Mrkan's ghost (novice TrMo)
  6576 | D:6      | Reached skill level 5 in Dodging
  6576 | D:6      | Reached skill level 7 in Transmutations
  7075 | D:6      | Noticed Edmund
  7098 | D:6      | Killed Edmund
  7273 | D:6      | Reached skill level 8 in Transmutations
  7373 | D:6      | Noticed Sigmund
  7391 | D:6      | Killed Sigmund
  7391 | D:6      | Reached XP level 9. HP: 18/53 MP: 9/12
  7645 | D:6      | Killed Mrkan's ghost
  7832 | D:7      | Reached skill level 9 in Transmutations
  8308 | D:7      | Learned a level 5 spell: Blade Hands
  8862 | D:7      | Found Wellu's Antique Weapon Emporium.
  8889 | D:7      | Found a staircase to the Ecumenical Temple.
  8996 | Temple   | Entered the Ecumenical Temple
 10073 | D:8      | Reached skill level 10 in Transmutations
 10073 | D:8      | Reached XP level 10. HP: 51/58 MP: 9/13
 10150 | D:8      | Noticed Dwachs's ghost (novice DsFi)
 11015 | D:8      | Found a snail-covered altar of Cheibriados.
 11015 | D:8      | Found a burning altar of Makhleb.
 11019 | D:8      | Became a worshipper of Cheibriados the Contemplative
 11352 | D:9      | Killed an unseen horror
 11762 | D:9      | Noticed an obsidian statue
 12594 | D:9      | Reached * piety under Cheibriados
 12734 | D:9      | Reached skill level 1 in Invocations
 12748 | D:10     | Entered Level 10 of the Dungeon
 12775 | D:10     | Found a staircase to the Orcish Mines.
 12876 | D:10     | Reached skill level 5 in Spellcasting
 12913 | D:10     | Reached ** piety under Cheibriados
 13767 | D:10     | Noticed a two-headed ogre
 13778 | D:10     | Killed a two-headed ogre
 13778 | D:10     | Reached XP level 11. HP: 63/63 MP: 10/19
 13978 | D:10     | Killed an unseen horror
 14350 | D:11     | Noticed Maurice
 14368 | D:11     | Killed Maurice
 14508 | D:11     | Reached *** piety under Cheibriados
 14536 | D:11     | Noticed a two-headed ogre
 14549 | D:11     | Killed a two-headed ogre
 14569 | D:11     | Noticed a cyan ugly thing
 14594 | D:11     | Killed a cyan ugly thing
 14696 | D:11     | Noticed a manticore
 15364 | D:11     | Noticed a two-headed ogre
 15370 | D:11     | Noticed a six-headed hydra
 15383 | D:11     | Killed a two-headed ogre
 15651 | D:11     | Killed a manticore
 15933 | D:11     | Found a staircase to the Lair.
 16146 | D:11     | Slain by a six-headed hydra

Skill      XL: |  1  2  3  4  5  6  7  8  9 10 11 |
---------------+----------------------------------+-----
Transmutations | 3 4 5 6 8 10 | 10.2
Dodging        | 3 4 5 7 8 9 |  9.0
Unarmed Combat | 4 5 6 7 8 9 |  9.3
Spellcasting   | 5 7 |  7.0
Invocations    | 2 4 |  4.2
Fighting       | |  1.0

Action                   |  1- 3 |  4- 6 |  7- 9 | 10-12 || total
-------------------------+-------+-------+-------+-------++-------
Melee: Unarmed           |    75 |   129 |   290 |   343 ||   837
       Constrict         |    19 |    20 |    13 |    15 ||    67
       Tentacles         |    12 |    10 |    14 |    18 ||    54
       Punch             |     2 |     3 |     3 |     6 ||    14
       Kick              |     7 |    17 |     7 |     2 ||    33
 Cast: Beastly Appendage |     6 |    11 |    10 |     3 ||    30
       Spider Form       |       |     5 |    31 |    42 ||    78
       Sticks to Snakes  |       |     1 |     5 |    23 ||    29
       Blade Hands       |       |       |       |     5 ||     5
Evoke: Wand              |       |       |       |     7 ||     7
  Use: Potion            |       |     6 |       |     2 ||     8
 Stab: Sleeping          |     6 |     8 |     2 |     3 ||    19
       Distracted        |       |       |     2 |     5 ||     7
  Eat: Chunk             |     2 |     9 |    18 |    17 ||    46
       Ration            |       |     1 |       |     1 ||     2
Armor: Skin              |     9 |     7 |    16 |    13 ||    45
Dodge: Dodged            |    44 |    99 |   216 |   349 ||   708
